AoeStats
← kzakaria9191

Black Forest

510143914Analyzed
3v3 RM · 22h ago on Sep 29, 2026· 67m 4s· 6 players
Game mode
Random Map
Map size
Normal (6 player)
Population
200
Speed
Normal
Resources
Standard
Victory
Conquest
Starting age
Dark Age
Ending age
Imperial Age
RankedLock teamsTeams togetherTeam positionsShared explorationLock speedFull tech treeHidden civsTurbo modeCheats
Victory
Defeat
🇦🇪 Persians · United Arab Emirates
527
+14
🇰🇼 Romans · Kuwait
510
+14
🇦🇪 Romans · United Arab Emirates
465
+16
🇦🇷 Khmer · Argentina
574
-19
🇪🇬 Mongols · Egypt
465
-14
🇬🇧 Teutons · United Kingdom
386
-11
Pipyramidal
0:30 Loom
14:05 Feudal Age
15:21 Wheelbarrow
14:32 Horse Collar
14:43 Double-Bit Axe
14:55 Gold Mining
17:43 Town Watch
Chafalote
0:47 Loom
13:06 Feudal Age
13:50 Horse Collar
14:00 Double-Bit Axe
16:28 Wheelbarrow
16:46 Gold Mining
22:33 Castle Age
20:46 Stone Mining
28:02 Imperial Age
25:22 Pikeman
27:00 Bow Saw
27:44 Caravan
29:02 Heavy Plow
30:20 Hand Cart
32:01 Crop Rotation
37:14 Scale Barding Armor
37:19 Forging
37:10 Scale Mail Armor
37:33 Conscription
40:12 Stone Shaft Mining
40:12 Gold Shaft Mining
42:41 Husbandry
42:02 Cavalier
43:29 Coinage
44:18 Tusk Swords
45:55 Man-at-Arms
46:55 Bloodlines
46:09 Light Cavalry
46:14 Crossbowman
46:16 Elite Skirmisher
47:27 Parthian Tactics
48:53 Chemistry
48:13 Ballistics
48:10 Masonry
48:13 Siege Engineers
kzakaria9191
0:28 Loom
14:11 Feudal Age
15:02 Double-Bit Axe
18:09 Horse Collar
19:38 Man-at-Arms
27:28 Castle Age
26:32 Stone Mining
26:42 Gold Mining
33:04 Bow Saw
34:36 Stone Shaft Mining
37:45 Imperial Age
35:23 Nomads
35:31 Thumb Ring
35:41 Fortified Wall
35:28 Murder Holes
35:36 Padded Archer Armor
35:27 Fletching
37:33 Heavy Plow
37:34 Elite Skirmisher
38:16 Husbandry
38:27 Bloodlines
38:49 Conscription
40:02 Gold Shaft Mining
40:51 Caravan
42:19 Elite Mangudai
45:01 Parthian Tactics
46:24 Bloodlines
45:35 Light Cavalry
45:35 Cavalier
50:35 Town Watch
51:25 Wheelbarrow
50:30 Hussar
54:48 Leather Archer Armor
54:28 Bodkin Arrow
54:56 Ballistics
54:48 Masonry
55:39 Chemistry
56:07 Pikeman
56:47 Squires
58:10 Bracer
58:16 Scale Barding Armor
58:21 Forging
60:43 Heavy Camel Rider
62:12 Town Patrol
64:29 Hoardings
AZ3AR_90
11:20 Feudal Age
13:58 Double-Bit Axe
15:47 Horse Collar
20:00 Wheelbarrow
23:22 Castle Age
21:10 Loom
21:54 Scale Mail Armor
21:46 Man-at-Arms
24:07 Heavy Plow
24:22 Bow Saw
24:34 Gold Mining
24:38 Stone Mining
25:42 Gold Mining
29:33 Gold Shaft Mining
31:45 Forging
31:51 Chain Mail Armor
34:32 Squires
33:52 Long Swordsman
36:43 Iron Casting
36:00 Fletching
39:47 Imperial Age
38:25 Ballistas
40:13 Ballistics
39:50 Murder Holes
39:59 Bodkin Arrow
39:37 Pikeman
41:01 Hand Cart
42:04 Chemistry
42:38 Comitatenses
42:45 Conscription
42:13 Capped Ram
46:11 Blast Furnace
44:45 Heavy Scorpion
44:47 Siege Ram
45:35 Legionary
46:56 Padded Archer Armor
47:02 Scale Barding Armor
50:30 Halberdier
54:15 Chain Barding Armor
54:11 Leather Archer Armor
55:04 Sappers
Hassansallam1991
13:31 Feudal Age
16:39 Double-Bit Axe
23:14 Castle Age
31:41 Wheelbarrow
30:54 Town Watch
32:43 Hand Cart
33:09 Herbal Medicine
33:17 Devotion
33:49 Caravan
40:31 Imperial Age
38:12 Horse Collar
38:48 Bow Saw
38:36 Gold Mining
39:50 Town Patrol
40:03 Scale Barding Armor
40:08 Forging
40:41 Forging
40:24 Fletching
40:34 Padded Archer Armor
41:25 Coinage
41:53 Conscription
41:52 Citadels
42:56 Chemistry
42:18 Ballistics
41:49 Heated Shot
42:57 Masonry
42:39 Loom
45:23 Chain Barding Armor
45:39 Iron Casting
45:20 Leather Archer Armor
45:00 Bodkin Arrow
46:44 Architecture
46:12 Murder Holes
46:21 Elite War Elephant
49:06 Plate Barding Armor
49:31 Blast Furnace
49:08 Ring Archer Armor
49:31 Thumb Ring
49:55 Parthian Tactics
49:16 Crossbowman
50:52 Kamandaran
52:12 Hoardings
51:08 Sappers
52:32 Scale Mail Armor
Nightmare
3:24 Loom
11:21 Feudal Age
11:55 Double-Bit Axe
15:45 Horse Collar
23:08 Castle Age
26:39 Bow Saw
26:34 Heavy Plow
30:15 Man-at-Arms
31:03 Squires
31:05 Long Swordsman
33:59 Murder Holes
36:03 Forging
35:53 Scale Mail Armor
36:00 Scale Barding Armor
35:28 Pikeman
36:32 Ballistas
39:35 Imperial Age
38:50 Iron Casting
38:30 Chain Mail Armor
41:36 Blast Furnace
41:44 Chemistry
41:06 Ballistics
41:32 Crop Rotation
43:00 Legionary
43:03 Halberdier
43:10 Heavy Scorpion
43:34 Capped Ram
45:11 Conscription
46:25 Comitatenses
49:04 Siege Ram
52:53 Elite Centurion
Connection lost

Rejoining the realm…

Still unreachable

The connection could not be restored.

Session expired

The server has moved on; the page needs a fresh start.